 Dungeon Crawl Stone Soup version 0.29.1-2-gbd0b4ee654 (webtiles) character file.

Game seed: 9933084586113451935

11074 xian the Slicer (level 11, -3/83 HPs)
             Began as a Demonspawn Wanderer on Nov 19, 2022.
             Was an Elder of Okawaru.
             Slain by an ogre
             ... wielding a +0 giant spiked club
             ... led by Lodul
              (25 damage)
             ... on level 10 of the Dungeon.
             The game lasted 00:32:36 (11932 turns).

xian the Slicer (Demonspawn Wanderer)              Turns: 11932, Time: 00:32:37

Health: -3/83      AC: 17    Str: 19    XL:     11   Next: 44%
Magic:  0/11       EV: 13    Int: 10    God:    Okawaru [****..]
Gold:   518        SH:  0    Dex: 14    Spells: 10/10 levels left

rFire   + . .      SeeInvis +   N - +3 dagger (distort)
rCold   . . .      Faith    .   (no shield)
rNeg    . . .      Spirit   +   u - +2 ring mail "Zuallad" {rF+}
rPois   +          Reflect  .   j - +2 hat
rElec   .          Harm     .   I - +2 cloak {rPois}
rCorr   .          Rampage  .   C - +1 pair of gloves
Will    .....                   (no boots)
Stlth   ++........              (no amulet)
HPRegen 0.23/turn               m - ring of see invisible
MPRegen 0.24/turn               (no ring)

@: no status effects
A: horns 2, spiny 1, magic shield, magic regeneration, sharp scales 1
a: Renounce Religion, Heroism, Finesse


You were on level 10 of the Dungeon.
You worshipped Okawaru.
Okawaru was greatly pleased with you.
You visited 2 branches of the dungeon, and saw 11 of its levels.
You also visited: Ossuary.

You collected 762 gold pieces.
You spent 244 gold pieces at shops.

Inventory:

Hand Weapons
 b - a +2 dagger of venom
 E - a +2 sling of freezing
 N - a +3 dagger of distortion (weapon)
Missiles
 h - 22 poisoned darts (quivered)
 t - 8 boomerangs
 x - a throwing net
 z - 8 atropa-tipped darts
 G - 2 datura-tipped darts
Armour
 j - a +2 hat (worn)
 u - the +2 ring mail "Zuallad" (worn) {rF+}
   (You found it on level 7 of the Dungeon)

   rF:        It protects you from fire.
 C - a +1 pair of gloves (worn)
 I - a +2 cloak of poison resistance (worn)
Jewellery
 m - a ring of see invisible (left hand)
Wands
 p - a wand of acid (11)
 s - a wand of roots (22)
 A - a wand of charming (9)
 F - a wand of mindburst (17)
 H - a wand of polymorph (8)
 O - a wand of flame (9)
Scrolls
 a - 4 scrolls of enchant armour
 f - 4 scrolls of teleportation
 g - 2 scrolls of immolation
 i - 2 scrolls of fog
 l - 2 scrolls of enchant weapon
 v - 3 scrolls of magic mapping
 y - 3 scrolls of amnesia
 M - 2 scrolls of poison {unknown}
Potions
 d - 5 potions of mutation
 e - a potion of might
 k - 4 potions of flight
 n - 2 potions of invisibility {unknown}
 o - 4 potions of curing
 q - 2 potions of haste
 r - 2 potions of attraction {unknown}
 w - a potion of brilliance
 B - 5 potions of lignification {unknown}
 D - a potion of cancellation
 J - a potion of resistance
 K - a potion of berserk rage {unknown}
 L - 2 potions of heal wounds {unknown}
Miscellaneous
 c - a piece from Xom's chessboard (15/15)


   Skills:
 + Level 6.7 Fighting
 + Level 10.1(10.4) Short Blades
 + Level 3.3(7.2) Long Blades
 + Level 2.1 Throwing
 + Level 9.3 Armour
 + Level 5.8 Dodging
 + Level 3.5 Stealth
 + Level 0.1 Invocations
 + Level 3.2 Evocations


You had 10 spell levels left.
You didn't know any spells.
Your spell library contained the following spells:

 Spells                   Type           Power      Damage    Failure   Level
 Foxfire                  Conj/Fire      0%         2x1d4     52%         1
 Sandblast                Erth           0%         2d4       52%         1
 Slow                     Hex            0%         N/A       52%         1
 Passwall                 Tmut/Erth      0%         N/A       65%         2
 Confusing Touch          Hex            0%         N/A       87%         3
 Conjure Flame            Conj/Fire      0%         6-21      87%         3
 Ignite Poison            Fire/Tmut/Pois 0%         N/A       87%         3
 Inner Flame              Hex/Fire       0%         N/A       87%         3
 Mephitic Cloud           Conj/Pois/Air  0%         N/A       87%         3
 Stone Arrow              Conj/Erth      0%         3d7       87%         3
 Vampiric Draining        Necr           0%         2d6       87%         3
 Airstrike                Air            0%         2d(0-16)  99%         4
 Flame Wave               Conj/Fire      0%         2d4       99%         4
 Freezing Cloud           Conj/Ice/Air   0%         6-21      100%        5
 Lightning Bolt           Conj/Air       0%         1d11      100%        5
 Conjure Ball Lightning   Conj/Air       0%         3x3d6     100%        6
 Orb of Destruction       Conj           0%         9d5       100%        7
 Discord                  Hex            0%         N/A       100%        8
 Disjunction              Tloc           0%         N/A       100%        8
 Summon Guardian Golem    Hex/Summ       Unusable   N/A       N/A         3
 Summon Lightning Spire   Summ/Air       Unusable   N/A       N/A         4
 Spellforged Servitor     Conj/Summ      Unusable   N/A       N/A         7

Dungeon Overview and Level Annotations

Branches:
Dungeon (10/15)            Temple (1/1) D:7            Lair (0/5) D:9
    Orc (0/2) D:9         Ossuary (visited)

Altars:
Ashenzari
Cheibriados
Dithmenos
Kikubaaqudgha
Makhleb
Nemelex Xobeh
Okawaru
Qazlal
Sif Muna
Trog
Uskayaw
Vehumet
Wu Jian
Yredelemnul

Shops:
D:2 =   D:3 ?   D:7 [

Annotations:
D:4 1 runed translucent door, PorkyPig's ghost, novice DrCj
D:5 3 runed translucent doors, sifdire's ghost, amateur MiBe


Innate Abilities, Weirdness & Mutations

You have a pair of horns on your head.
You are partially covered in sharp spines.
When hurt, damage is shared between your health and your magic reserves.
You regenerate magic rapidly.
You are partially covered in razor-sharp scales. (AC +1, Slay +1)


Message History

Unknown command.
You hit Lodul but do no damage.
Space warps around Lodul.
Lodul is lightly wounded.
You hit Lodul.
Space warps around Lodul.
Lodul is lightly wounded.
Lodul hits you with a +4 dire flail of holy wrath!!
You convulse.
You barely miss Lodul.
Lodul is lightly wounded.
You barely miss Lodul. Your headbutt misses Lodul.
Lodul is lightly wounded.
You hit Lodul but do no damage.
Space warps horribly around Lodul!
Lodul is moderately wounded.
Lodul is struck by your spines.
Lodul hits you with a +4 dire flail of holy wrath!
* * * LOW HITPOINT WARNING * * *
You convulse.
* * * LOW HITPOINT WARNING * * *
Unknown command.
You closely miss Lodul. You headbutt Lodul!
Lodul is heavily wounded.
Unknown command.
You hit Lodul.
Space warps around Lodul.
Lodul is severely wounded.
Unknown command.
You barely miss Lodul.
Lodul is severely wounded.
Lodul is struck by your spines.
Lodul hits you with a +4 dire flail of holy wrath!
* * * LOW HITPOINT WARNING * * *
You convulse.
* * * LOW HITPOINT WARNING * * *
You hit Lodul but do no damage.
Space warps horribly around Lodul!!
You kill Lodul!
Okawaru accepts your kill.
Unknown command.
You feel better.
You closely miss the ogre.
The ogre hits you with a +0 giant spiked club!!
You die...

##......# #.#....#
..
####>...####...#.#
#...
##....#...)...###...
##...........#..#
#########....# #
#).### . ##.# #)#
#@# #O# ... #....
...... ....!...
.###....# .. ..###


You could see an ogre.

Vanquished Creatures
  Erolcha (D:10)
  A two-headed ogre (D:8)
  Lodul (D:10)
  Joseph (D:7)
  Psyche (D:10)
  2 trolls
  Grinder (D:5)
  A wraith (D:9)
  A wyvern (D:9)
  21 yaks
  A basilisk (D:9)
  Edmund (D:6)
  An acid dragon (D:9)
  A water moccasin (D:8)
  5 orc warriors (D:9)
  A sky beast (D:6)
  3 black bears
  An ice beast (D:6)
  7 ogres
  3 centaurs
  2 phantoms
  A kobold brigand (D:7)
  3 bullfrogs
  2 scorpions
  9 wights
  4 killer bees (D:9)
  4 howler monkeys
  3 hounds
  3 jellies
  8 orc priests
  An iguana (D:6)
  11 orc wizards
  8 mummies (Ossuary)
  6 adders
  3 gnolls (D:4)
  3 white imps
  2 ufetubi
  2 worms
  4 dart slugs
  44 orcs
  3 endoplasms
  2 giant cockroaches
  14 goblins
  7 hobgoblins
  5 jackals (D:4)
  3 quokkas
  8 ball pythons
  2 bats (D:1)
  5 frilled lizards
  5 hobgoblin zombies (Ossuary)
  12 kobolds
  3 orc zombies (Ossuary)
  3 rats
250 creatures vanquished.

Vanquished Creatures (others)
  2 plants (D:9)
2 creatures vanquished.

Grand Total: 252 creatures vanquished

Notes
Turn   | Place    | Note
-------+----------+-------------------------------------------
     0 | D:1      | xian the Demonspawn Wanderer began the quest for the Orb.
     0 | D:1      | xian set off with the following items: a +0 long sword, a
                  | +0 short sword, a piece from Xom's chessboard (15/15), a
                  | potion of mutation, a +0 leather armour.
     0 | D:1      | Reached XP level 1. HP: 13/13 MP: 1/1
   465 | D:1      | Gained mutation: You regenerate magic rapidly. [demonic
                  | ancestry]
   465 | D:1      | Reached XP level 2. HP: 11/19 MP: 2/2
  1156 | D:2      | Found Kuycirgh's Jewellery Shoppe.
  1600 | D:2      | Reached XP level 3. HP: 22/24 MP: 3/3
  1960 | D:2      | Found a faded altar of an unknown god.
  2559 | D:3      | Found a shimmering blue altar of Sif Muna.
  2571 | D:3      | Found a stormy altar of Qazlal.
  2664 | D:3      | Found Tocloxt's Magic Scroll Emporium.
  2668 | D:3      | Bought a scroll of identify for 22 gold pieces
  2927 | D:3      | Found a sparkling altar of Nemelex Xobeh.
  2987 | D:3      | Reached skill level 2 in Short Blades
  2987 | D:3      | Gained mutation: When hurt, damage is shared between your
                  | health and your magic reserves. [demonic ancestry]
  2987 | D:3      | Reached XP level 4. HP: 30/31 MP: 4/4
  3001 | D:3      | Gained mutation: You have a pair of small horns on your
                  | head. [demonic ancestry]
  3001 | D:3      | Reached XP level 5. HP: 30/36 MP: 3/5
  3008 | D:3      | Reached skill level 1 in Fighting
  3552 | D:4      | Reached skill level 3 in Short Blades
  3698 | D:4      | Gained mutation: You are partially covered in sharp spines.
                  | [demonic ancestry]
  3698 | D:4      | Reached XP level 6. HP: 31/43 MP: 4/6
  3941 | D:4      | Found a runed translucent door.
  3943 | D:4      | Noticed PorkyPig's ghost (novice DrCj)
  4137 | D:5      | Entered Level 5 of the Dungeon
  4151 | D:5      | Reached skill level 1 in Stealth
  4200 | D:5      | Noticed Grinder
  4213 | D:5      | Paralysed by Grinder for 3 turns
  4224 | D:5      | Killed Grinder
  4227 | D:5      | Reached XP level 7. HP: 20/49 MP: 5/7
  4559 | D:5      | Found a bloodstained altar of Trog.
  4565 | D:5      | Found a radiant altar of Vehumet.
  4571 | D:5      | Found a burning altar of Makhleb.
  4573 | D:5      | Found an ornate altar of the Wu Jian Council.
  4573 | D:5      | Found a broken altar of Ashenzari.
  4573 | D:5      | Found an ancient bone altar of Kikubaaqudgha.
  4576 | D:5      | Found a basalt altar of Yredelemnul.
  4577 | D:5      | Found a hide-covered altar of Uskayaw.
  4648 | D:5      | Found a runed translucent gate.
  4648 | D:5      | Found a runed translucent gate.
  4648 | D:5      | Found a runed translucent gate.
  4679 | D:5      | Noticed sifdire's ghost (amateur MiBe)
  4915 | D:5      | Reached skill level 4 in Short Blades
  5569 | D:6      | Gained mutation: You have a pair of horns on your head.
                  | [demonic ancestry]
  5569 | D:6      | Reached XP level 8. HP: 55/57 MP: 6/8
  5585 | D:6      | Reached skill level 5 in Armour
  5647 | D:6      | Noticed Edmund
  5660 | D:6      | Killed Edmund
  5661 | D:6      | Reached skill level 5 in Short Blades
  5953 | D:6      | Reached skill level 1 in Throwing
  6215 | D:6      | Reached skill level 6 in Short Blades
  6237 | D:6      | Reached XP level 9. HP: 40/65 MP: 7/9
  7075 | D:7      | Found a staircase to the Ecumenical Temple.
  7078 | D:7      | Noticed Joseph
  7096 | D:7      | Killed Joseph
  7105 | Temple   | Entered the Ecumenical Temple
  7260 | Temple   | Became a worshipper of Warmaster Okawaru
  7395 | D:7      | Reached skill level 7 in Short Blades
  7486 | D:7      | Found Xyorhir's Armour Shop.
  7513 | D:7      | Bought a +2 cloak of poison resistance for 222 gold pieces
  7682 | D:7      | Identified the +2 ring mail "Zuallad" {rF+}
  8040 | D:8      | Noticed a two-headed ogre
  8061 | D:8      | Killed a two-headed ogre
  8061 | D:8      | Reached * piety under Okawaru
  8062 | D:8      | Reached skill level 5 in Fighting
  8062 | D:8      | Gained mutation: You are partially covered in razor-sharp
                  | scales. (AC +1, Slay +1) [demonic ancestry]
  8062 | D:8      | Reached XP level 10. HP: 26/74 MP: 5/10
  8386 | D:8      | Reached skill level 8 in Short Blades
  8391 | D:8      | Reached ** piety under Okawaru
  8452 | D:8      | Found a sand-covered staircase.
  8461 | Ossuary  | Entered an ossuary
  9576 | D:9      | Reached skill level 9 in Short Blades
  9779 | D:9      | Found a staircase to the Lair.
  9790 | D:9      | Reached *** piety under Okawaru
 10243 | D:9      | Reached skill level 5 in Dodging
 10700 | D:9      | Reached XP level 11. HP: 70/81 MP: 8/11
 10710 | D:9      | Reached **** piety under Okawaru
 10788 | D:9      | Found a staircase to the Orcish Mines.
 11298 | D:10     | Entered Level 10 of the Dungeon
 11337 | D:10     | Noticed Psyche
 11347 | D:10     | Killed Psyche
 11819 | D:10     | Found a snail-covered altar of Cheibriados.
 11856 | D:10     | Noticed Erolcha
 11881 | D:10     | Killed Erolcha
 11882 | D:10     | Reached skill level 10 in Short Blades
 11899 | D:10     | Noticed Lodul
 11930 | D:10     | Killed Lodul
 11932 | D:10     | Slain by an ogre

Illustrated notes

Levels and vault maps discovered:
D:1:      kennysheep_arrival_forest, layout_loops_ring, kennysheep_boxes
D:2:      layout_basic, hellmonk_ecumenical_altar_leap_of_faith, serial_shops,
          shop, basic_altar
D:3:      layout_basic, nemelex_diamond_rough_becter, nicolae_overflow_squiral,
          serial_shops, nicolae_shop_behind_doors
D:4:      layout_loops_ring, ebering_ghost_inner_flame
D:5:      layout_cave_pods, minitemple, gammafunk_ghost_icy, uniq_grinder
D:6:      layout_loops_ring, corexii_leaking_fountain, grunt_ministairs_5,
          minmay_ogre_servants, uniq_edmund
D:7:      layout_basic, minmay_temple_entry_arrows, serial_shops,
          nicolae_shop_statue_plus, uniq_joseph
D:8:      layout_basic, enter_ossuary_3, serial_bayou_pond_b
D:9:      layout_stronghold, david_lair_generic, david_orc_4
D:10:     layout_layer_cave, cheibriados_altar_1, uniq_erolcha, uniq_psyche,
          uniq_lodul
Temple:   nicolae_temple_godpark

Skill      XL: |  1  2  3  4  5  6  7  8  9 10 11 |
---------------+----------------------------------+-----
Long Blades    | 3 |  3.3
Armour         | 2 3 4 6 8 9 |  9.3
Short Blades   | 2 3 4 6 7 9 10 | 10.1
Fighting       | 1 2 4 5 6 |  6.7
Dodging        | 2 3 5 |  5.8
Stealth        | 1 2 3 |  3.5
Throwing       | 1 2 |  2.1
Invocations    | |  0.1
Evocations     | |  3.2

Action                   |  1- 3 |  4- 6 |  7- 9 | 10-12 || total
-------------------------+-------+-------+-------+-------++-------
Melee: Dagger            |   143 |   141 |   299 |   374 ||   957
       Long sword        |     9 |       |       |       ||     9
       Short sword       |     3 |       |       |       ||     3
       Punch             |     1 |     1 |     5 |     7 ||    14
       Headbutt          |       |    22 |    81 |   117 ||   220
Throw: Throwing net      |       |     2 |       |       ||     2
       Dart              |       |       |     7 |       ||     7
       Boomerang         |       |       |     1 |       ||     1
Invok: Heroism           |       |       |       |     1 ||     1
  Use: Scroll            |     3 |     1 |     4 |     5 ||    13
       Potion            |       |     4 |       |     1 ||     5
 Stab: Held in net/web   |       |     1 |       |       ||     1
       Sleeping          |       |       |       |     1 ||     1
Armor: Leather armour    |    13 |       |       |       ||    13
       Ring mail         |    28 |       |     9 |   104 ||   141
       Chain mail        |    20 |    75 |   110 |       ||   205
Dodge: Dodged            |    54 |    25 |    68 |   143 ||   290
